 Dungeon Crawl Stone Soup version 0.27-a0-1149-g4505690ab0 (webtiles) character file.

Game seed: 12802316558586747063

130 st0uf the Twirler (level 5, -7/32 HPs)
             Began as a Gargoyle Gladiator on May 12, 2021.
             Mangled by a two-headed ogre
             ... wielding a +0 giant club
              (19 damage)
             ... on level 4 of the Dungeon.
             The game lasted 00:07:37 (3117 turns).

st0uf the Twirler (Gargoyle Gladiator)              Turns: 3117, Time: 00:07:38

Health: -7/32      AC: 15    Str: 18    XL:     5   Next: 13%
Magic:  5/5        EV:  7    Int:  9    God:
Gold:   113        SH:  0    Dex: 11    Spells: 4/4 levels left

rFire    . . .     SeeInvis .   a - +0 quarterstaff
rCold    . . .     Faith    .   (shield currently unavailable)
rNeg     + . .     Spirit   .   l - +0 chain mail
rPois    ∞         Reflect  .   c - +0 helmet
rElec    +         Harm     .   m - +0 cloak
rCorr    .         Rampage  .   (no gloves)
Will     .....                  i - +0 pair of boots
Stlth    ..........             k - amulet of the acrobat
HPRegen  0.10/turn              (no ring)
MPRegen  0.09/turn              (no ring)

@: no status effects
A: sickness immunity, AC +4, negative energy resistance 1, electricity
resistance, torment resistance 1, petrification resistance
a: no special abilities


You were on level 4 of the Dungeon.
You visited 1 branch of the dungeon, and saw 4 of its levels.

You collected 113 gold pieces.

Inventory:

Hand Weapons
 a - a +0 quarterstaff (weapon)
Missiles
 d - 3 throwing nets
 j - 72 stones
 t - 11 poisoned darts (quivered)
Armour
 b - a +0 leather armour
 c - a +0 helmet (worn)
 i - a +0 pair of boots (worn)
 l - a +0 chain mail (worn)
 m - a +0 cloak (worn)
Magical Staves
 f - a staff of conjuration
Jewellery
 k - an amulet of the acrobat (around neck)
 s - an amulet of faith
 u - a ring of fire
Scrolls
 q - a scroll of immolation {unknown}
 r - a scroll of identify {unknown}
Potions
 e - a potion of heal wounds {unknown}
 g - 3 potions of haste {unknown}
 h - 2 potions of curing {unknown}
 n - a potion of resistance {unknown}
 o - a potion of attraction {unknown}
 p - 2 potions of brilliance {unknown}


   Skills:
 + Level 3.0 Fighting
 + Level 4.6 Staves
 + Level 2.3 Throwing
 + Level 1.7 Armour
 - Level 2.4 Dodging
 + Level 0.2 Stealth


You had 4 spell levels left.
You didn't know any spells.
Your spell library was empty.

Dungeon Overview and Level Annotations

Branches:
Dungeon (4/15)
 Temple: D:4-7

Altars:

Shops:
D:2 ?


Innate Abilities, Weirdness & Mutations

You are immune to sickness and miasma.
Your stone body is resilient. (AC +4)
You are immune to poison.
You resist negative energy. (rN+)
You are resistant to electric shocks. (rElec)
You are resistant to unholy torment.
You are immune to petrification.


Message History

Throw: 15 darts (poison)
Press: ? - help, Q - select action, (/) - cycle Shift-Dir - straight line, f/p - two-headed ogre
Aim: a two-headed ogre, wielding two +0 giant clubs (lightly wounded, very poisoned, 72% to hit)
You throw a poisoned dart.
The poisoned dart barely misses the two-headed ogre.
Throw: 14 darts (poison)
Press: ? - help, Q - select action, (/) - cycle Shift-Dir - straight line, f/p - two-headed ogre
Aim: a two-headed ogre, wielding two +0 giant clubs (moderately wounded, poisoned, 73% to hit)
You throw a poisoned dart.
The poisoned dart hits the two-headed ogre.
The two-headed ogre looks even sicker.
The two-headed ogre is moderately wounded.
Throw: 13 darts (poison)
Press: ? - help, Q - select action, (/) - cycle Shift-Dir - straight line, f/p - two-headed ogre
Aim: a two-headed ogre, wielding two +0 giant clubs (moderately wounded, 73% to hit)
You throw a poisoned dart.
The poisoned dart hits the two-headed ogre.
The two-headed ogre is moderately wounded.
Throw: 12 darts (poison)
Press: ? - help, Q - select action, (/) - cycle Shift-Dir - straight line, f/p - two-headed ogre
Aim: a two-headed ogre, wielding two +0 giant clubs (moderately wounded, 73% to hit)
You throw a poisoned dart.
The poisoned dart hits the two-headed ogre.
The two-headed ogre is poisoned.
The two-headed ogre is moderately wounded.
You hit the two-headed ogre but do no damage.
The two-headed ogre is moderately wounded.
The two-headed ogre hits you but does no damage. x2
Your chain mail prevents you from hitting the two-headed ogre.
The two-headed ogre is moderately wounded.
You closely miss the two-headed ogre.
The two-headed ogre is moderately wounded.
The two-headed ogre hits you with a +0 giant club!
The two-headed ogre hits you but does no damage.
You thump the two-headed ogre!
The two-headed ogre is heavily wounded.
The two-headed ogre hits you with a +0 giant club!
The two-headed ogre hits you with a +0 giant club!!
Ouch! That really hurt!
You die...

#...#.#.# ..
#...#.#.###.##..
#...#O#.........
##########...#.##.##.####
.........................
.######.##...#.##.##.####
#........<....(......
#.#.#########..#.#####
#.#....@O((.##.#.# #<# #
#.#######.##O#.# #.# #.#
#.##.#.# #.# #.# #O##.#.#
#.# ... #......# #.# #.#
####.#.# #.# #.# #...#
#.# #.# ##..# #.# #..#
#.#


You could see a two-headed ogre (poisoned).

Vanquished Creatures
  An orc priest (D:3)
  3 adders
  2 worms
  A dart slug (D:1)
  3 orcs (D:3)
  3 bats
  9 endoplasms
  A giant cockroach (D:2)
  6 goblins
  5 hobgoblins
  3 jackals (D:2)
  2 quokkas
  9 ball pythons
  5 frilled lizards
  5 kobolds
  4 rats
62 creatures vanquished.

Notes
Turn   | Place    | Note
-------+----------+-------------------------------------------
     0 | D:1      | st0uf the Gargoyle Gladiator began the quest for the Orb.
     0 | D:1      | Reached XP level 1. HP: 12/12 MP: 1/1
    95 | D:1      | Reached XP level 2. HP: 12/17 MP: 2/2
   518 | D:1      | Found a faded altar of an unknown god.
   639 | D:1      | Reached XP level 3. HP: 19/22 MP: 3/3
  1094 | D:2      | Found Zaymaum's Magic Scroll Shop.
  1471 | D:2      | You fall into a shaft and drop 1 floor!
  1943 | D:3      | Reached skill level 4 in Staves
  1943 | D:3      | Reached skill level 1 in Armour
  1943 | D:3      | Reached XP level 4. HP: 9/27 MP: 4/4
  2585 | D:3      | Reached XP level 5. HP: 32/32 MP: 5/5
  3083 | D:4      | Noticed a two-headed ogre
  3117 | D:4      | Mangled by a two-headed ogre

Illustrated notes

Levels and vault maps discovered:
D:1:      nicolae_arrival_memento_mori, layout_loops_ring,
          basic_ecumenical_altar, grunt_decor_resistance, minmay_door_square,
          chequers_mini_garden, minmay_stone_trees_large
D:2:      layout_basic, serial_shops, shop
D:3:      layout_loops_ring, hex_medium
D:4:      layout_basic, sigmund_army

Skill      XL: |  1  2  3  4  5 |
---------------+----------------+-----
Throwing       | 2 |  2.3
Staves         | 4 |  4.6
Armour         | 1 |  1.7
Fighting       | 3 |  3.0
Dodging        | |  2.4
Stealth        | |  0.2

Action                   |  1- 3 |  4- 6 || total
-------------------------+-------+-------++-------
Melee: Quarterstaff      |   103 |    72 ||   175
Throw: Dart              |       |     7 ||     7
Armor: Leather armour    |    22 |       ||    22
       Chain mail        |    16 |    30 ||    46
Dodge: Dodged            |    70 |    26 ||    96

Table legend: (Time is in decaauts)
 A = Elapsed time spent in this place.
 B = Non-inter-level travel time spent in this place.
 C = Inter-level travel time spent in this place.
 D = Time resting spent in this place.
 E = Time spent auto-exploring this place.
 F = Levels seen in this place.
 G = Mean time per level.
                   A        B        C        D        E       F      G
               +--------+--------+--------+--------+--------+-----+--------+
         Total |   3135 |   3043 |     92 |    357 |   2086 |   4 |  783.8 |
       Dungeon |   3135 |   3043 |     92 |    357 |   2086 |   4 |  783.8 |
               +--------+--------+--------+--------+--------+-----+--------+

Top non-repeatable levels by time:
     D:3: 1256 daAuts
     D:1: 939 daAuts
     D:2: 849 daAuts
     D:4: 89 daAuts
